 Dungeon Crawl Stone Soup version 0.27-a0-765-ge4d627daa3 (webtiles) character file.

Game seed: 13971243197580244147

9 CurlyBrace the Charlatan (level 2, 11/12 HPs)
             Began as a Felid Artificer on Mar 24, 2021.
             Was a Plaything of Xom.
             Quit the game on level 2 of the Dungeon.
             The game lasted 00:00:48 (95 turns).

CurlyBrace the Charlatan (Felid Artificer)            Turns: 95, Time: 00:00:49

Health: 11/12      AC:  1    Str:  8    XL:     2   Next: 3%
Magic:  3/3        EV: 18    Int: 12    God:    Xom [..*...]
Gold:   32         SH:  0    Dex: 16    Spells: 1/1 levels left
                                        Lives:  0   Deaths: 0

rFire    . . .     SeeInvis +     - Unarmed
rCold    + . .     Faith    .   (shield unavailable)
rNeg     . . .     Spirit   .   (armour unavailable)
rPois    .         Reflect  .   (helmet unavailable)
rElec    .         Harm     .   (cloak unavailable)
rCorr    .         Rampage  .   (gloves unavailable)
Will     .....                  (boots unavailable)
Stlth    ++........             (no amulet)
HPRegen  0.04/turn              c - ring of protection from cold
MPRegen  0.08/turn              (no ring)

@: quick
A: very small, claws 1, fangs 3, see invisible, speed 1, shaggy fur 1, stealthy
paws, no weapons or thrown items, no armour, multi-lived
a: Renounce Religion


You were on level 2 of the Dungeon.
You worshipped Xom.
You were a toy of Xom.
You visited 1 branch of the dungeon, and saw 2 of its levels.

You collected 32 gold pieces.

Inventory:

Jewellery
 c - a ring of protection from cold (right paw)
   (You found it on level 2 of the Dungeon)
Wands
 a - a wand of flame (12) (quivered)
 b - a wand of charming (15)
 d - a wand of random effects (15)


   Skills:
 * Level 1.4 Fighting
 - Level 3.2 Dodging
 + Level 1.8 Stealth
 * Level 1.0 Unarmed Combat
 - Level 3.2 Evocations


You had one spell level left.
You didn't know any spells.
Your spell library was empty.

Dungeon Overview and Level Annotations

Branches:
Dungeon (2/15)

Altars:
Xom


Innate Abilities, Weirdness & Mutations

You have sharp claws.
You have razor-sharp teeth.
You have supernaturally acute eyesight. (SInv)
You cover ground quickly. (Speed+)
You are covered in fur. (AC +1)
Your stealthy paws help you sneak and pounce on unaware monsters.
You are incapable of wielding weapons or throwing items.
You cannot wear armour.
You gain extra lives every three experience levels.


Message History

Aim: an adder (47% to evade)
The puff of flame hits the adder.
The adder is moderately wounded.
The adder barely misses you. The adder completely misses you.
Aiming: Throw Flame
Press: ? - help, Shift-Dir - straight line, f/p - adder
Aim: an adder (moderately wounded, 47% to evade)
The puff of flame misses the adder.
The adder bites you.
Aiming: Throw Flame
Press: ? - help, Shift-Dir - straight line, f/p - adder
Aim: an adder (moderately wounded, 47% to evade)
The puff of flame hits the adder.
The adder is severely wounded.
The adder misses you.
You scratch the adder.
You kill the adder!
Your Unarmed Combat skill increases to level 1!
You have reached level 2!
You now have 32 gold pieces (gained 15).
You open the door.
Found a marble ring.
There is an open door here.
You open the door.
You see here a ring of protection from cold.
c - a ring of protection from cold;
d - a wand of random effects (15)
You open the door.
There is an open door here.
c - a ring of protection from cold (right paw)
A worm comes into view.
The worm moves out of view.
Found a faded altar of an unknown god.
There is a faded altar of an unknown god here.
You cannot tell which god this altar belongs to.
Convert to them anyway?
Okay, then.
You cannot tell which god this altar belongs to.
Convert to them anyway?
Xom accepts your prayer! Xom welcomes you!
Xom is very intrigued!
The worm misses you.
Are you sure you want to abandon this character and quit the game? (Confirm with "yes".)

## #### # .#
#...# ###.# .#
####.... ....#
........#....#
#...#.#...#
#..#.@w#
#..#.#..#
#...#...#
####.......# +##
#......##### ..##
#.##.#.# ...##
#.##.#.# ....##
##.##.#.#
.....####...#.#.#


You could see a worm.

Vanquished Creatures
  An adder (D:2)
1 creature vanquished.

Notes
Turn   | Place    | Note
-------+----------+-------------------------------------------
     0 | D:1      | CurlyBrace the Felid Artificer began the quest for the Orb.
     0 | D:1      | Reached XP level 1. HP: 9/9 MP: 2/2
    48 | D:2      | Reached skill level 1 in Unarmed Combat
    48 | D:2      | Reached XP level 2. HP: 9/12 MP: 3/3
    91 | D:2      | Found a faded altar of an unknown god.
    94 | D:2      | Became a worshipper of Xom the Tricky
    95 | D:2      | Quit the game

Illustrated notes

Levels and vault maps discovered:
D:1:      nicolae_arrival_somewhat_less_tricky_arrival, layout_basic
D:2:      cheibrodos_greedy_goblins, layout_loops_corners, old_standard_altar,
          chequers_ecumenical_altar_simple_redux

Skill      XL: |  1 |
---------------+----+-----
Unarmed Combat | 1 |  1.0
Fighting       | |  1.4
Dodging        | |  3.2
Stealth        | |  1.8
Evocations     | |  3.2

Action                   || total
-------------------------++-------
Melee: Unarmed           ||     1
Evoke: Wand              ||     3
Dodge: Dodged            ||     5

Table legend: (Time is in decaauts)
 A = Elapsed time spent in this place.
 B = Non-inter-level travel time spent in this place.
 C = Inter-level travel time spent in this place.
 D = Time resting spent in this place.
 E = Time spent auto-exploring this place.
 F = Levels seen in this place.
 G = Mean time per level.
                   A        B        C        D        E       F      G
               +--------+--------+--------+--------+--------+-----+--------+
         Total |     78 |     78 |      0 |      0 |      0 |   2 |   39.0 |
       Dungeon |     78 |     78 |      0 |      0 |      0 |   2 |   39.0 |
               +--------+--------+--------+--------+--------+-----+--------+

Top non-repeatable levels by time:
     D:2: 53 daAuts
     D:1: 24 daAuts
